Map: Pilares de oro EE

Players

MrFercho - Winner!

  • Race: Zerg Zerg
  • League: Silver
  • Spawn Location: 7:00

Tsugaru

  • Race: Terran Terran
  • League: Gold
  • Spawn Location: 1:00

VOD

Have the link to the VOD?

Description

Time

  • Played on: July 2, 2020, 11:56 p.m.
  • Length: 19:32
Show
View Real Time Build Order
Export as new Build Order

MrFercho Zerg - Winner!

Build Orders: Hatch First, Lurkers 

Get SALT Encoding   

  12  0:01  Drone  
  13  0:16  Overlord  
  13  0:18  Drone  
  14  0:35  Drone x2  
  16  0:38  Drone  
  18  0:57  Drone  
  18  0:59  Hatchery  
  17  1:11  Spawning Pool  
  17  1:14  Drone  
  17  1:17  Drone  
  18  1:21  Drone  
  19  1:27  Extractor  
  19  1:32  Drone  
  19  1:42  Drone  
  20  1:54  Drone  
  21  2:04  Drone  
  22  2:11  Drone  
  22  2:14  Drone  
  25  2:22  Drone  
  25  2:25  Queen  
  25  2:27  Overlord  
  27  2:40  Drone  
  27  2:43  Overlord  
  28  2:44  Queen  
  28  2:45  Drone  
  28  2:47  Drone  
  32  2:56  Drone  
  33  3:05  Roach Warren  
  32  3:10  Lair  
  32  3:11  Drone x3  
  35  3:23  Queen  
  35  3:24  Evolution Chamber  
  35  3:25  Drone x2  
  38  3:28  Extractor  
  38  3:31  Extractor  
  38  3:33  Drone x2  
  38  3:38  Drone  
  38  3:39  Drone  
  40  3:50  Zerg Missile Weapons Level 1  
  40  3:55  Roach x2  
  44  3:57  Overlord x3  
  44  4:20  Roach  
  44  4:21  Roach x5  
  44  4:23  Overlord  
  56  4:35  Drone  
  56  4:36  Drone  
  58  4:43  Overseer  
  58  4:51  Glial Reconstitution  
  58  4:54  Drone  
  58  4:55  Drone x2  
  58  4:59  Hydralisk Den, Drone x4  
  64  5:02  Drone  
  64  5:03  Drone x2  
  67  5:24  Evolution Chamber  
  66  6:08  Overlord x9  
  67  6:11  Drone x3  
  67  6:12  Hatchery, Drone x2  
  67  6:17  Hatchery  
  69  6:20  Hydralisk x2  
  69  6:23  Zerg Missile Weapons Level 2  
  69  6:24  Zerg Ground Armor Level 1  
  73  6:49  Extractor  
  73  6:50  Drone x3  
  73  6:51  Drone  
  73  6:52  Hatchery  
  75  6:58  Overlord  
  75  7:00  Overlord  
  75  7:06  Zergling x2  
  75  7:07  Zergling x2  
  77  7:15  Hydralisk x5  
  87  7:24  Hatchery  
  87  7:29  Drone x3  
  89  7:39  Hydralisk x4  
  97  7:47  Hydralisk x4  
  97  7:48  Hydralisk  
  107  8:08  Drone x3  
  107  8:09  Drone x8  
  118  8:13  Extractor  
  118  8:15  Queen, Extractor  
  118  8:18  Drone  
  118  8:19  Drone x4  
  122  8:45  Overseer  
  122  8:46  Overseer x2  
  122  8:55  Overlord x5  
  122  8:56  Overlord  
  122  9:03  Drone  
  122  9:04  Drone x10  
  133  9:19  Drone x2  
  133  9:20  Drone x4  
  133  9:21  Drone x2  
  141  9:25  Extractor  
  141  9:29  Extractor  
  139  9:31  Hydralisk x5  
  139  9:38  Hatchery  
  148  9:41  Overseer x2  
  148  9:44  Hydralisk x5  
  158  9:55  Zerg Ground Armor Level 2  
  158  10:01  Infestation Pit, Muscular Augments  
  157  10:12  Lurker Den  
  157  10:13  Hydralisk x6, Spire  
  157  10:14  Hydralisk x7  
  187  10:34  Pneumatized Carapace  
  166  11:13  Grooved Spines  
  166  11:19  Hydralisk x14  
  166  11:20  Hydralisk x3  
  196  11:25  Overseer  
  193  11:34  Hydralisk x6  
  193  11:35  Hydralisk  
  191  11:40  Hydralisk x5  
  191  11:41  Hydralisk x2  
  187  11:47  Drone x8  
  151  12:23  Hydralisk  
  151  12:24  Hydralisk x13  
  175  12:42  Hydralisk x6, Extractor  
  186  13:01  Hydralisk  
  186  13:02  Hydralisk x6  
  200  13:07  Overlord x4  
  194  14:01  Lurker  
  194  14:02  Lurker x6  
  189  14:07  Hydralisk x6  
  189  14:08  Hydralisk  
  199  14:30  Drone x7  
  199  14:31  Drone x4  
  180  14:32  Drone x2  
  182  15:05  Hydralisk x11  
  182  15:06  Hydralisk  
  164  15:23  Hydralisk x8  
  166  15:41  Hydralisk x10, Extractor x2  
  184  16:06  Hatchery  
  184  16:07  Hydralisk x7  
  184  16:08  Hydralisk  
  184  16:10  Hatchery  
  198  16:18  Hatchery, Hydralisk  
  200  16:23  Hatchery, Overseer x3  
  198  16:25  Hydralisk  
  198  16:28  Overlord x4  
  133  17:51  Hydralisk  
  133  17:52  Hydralisk x21  
  133  17:53  Hydralisk x16  
  184  18:25  Hydralisk x8  
  190  19:21  Extractor  
  189  19:25  Extractor  
Show
View Real Time Build Order
Export as new Build Order

Tsugaru Terran 

Build Orders: Command Center First (CC) 

Get SALT Encoding   

  12  0:03  SCV  
  13  0:15  SCV  
  14  0:21  Supply Depot  
  14  0:27  SCV  
  15  0:43  SCV  
  16  0:55  SCV  
  17  1:07  SCV  
  17  1:10  Command Center  
  18  1:20  Barracks  
  18  1:23  SCV  
  19  1:35  SCV  
  19  1:38  Barracks  
  20  1:47  SCV  
  20  1:48  Refinery  
  20  1:53  Refinery  
  21  1:59  SCV  
  22  2:08  Marine  
  22  2:09  Supply Depot  
  23  2:22  Orbital Command  
  23  2:30  Marine x2  
  23  2:35  Supply Depot  
  25  2:44  Orbital Command  
  25  2:53  SCV  
  26  3:03  Marine  
  26  3:05  Marine  
  28  3:06  Factory  
  28  3:07  SCV  
  29  3:15  SCV  
  30  3:21  SCV  
  31  3:34  Command Center  
  31  3:37  SCV x2  
  33  3:53  Barracks Tech Lab  
  33  3:57  Supply Depot, Barracks Tech Lab  
  33  4:02  Refinery  
  33  4:06  Refinery  
  33  4:14  Marauder  
  33  4:16  Marauder  
  37  4:18  SCV x2  
  37  4:20  Supply Depot  
  39  4:25  Concussive Shells, Stimpack  
  39  4:35  Starport  
  39  4:37  SCV  
  39  4:38  SCV  
  41  4:43  Engineering Bay  
  41  4:52  Orbital Command  
  41  4:57  SCV x2  
  43  5:08  Factory Tech Lab  
  43  5:10  Factory  
  43  5:13  Starport Reactor  
  44  5:14  SCV  
  44  5:18  SCV x2  
  46  5:23  Missile Turret  
  46  5:29  SCV  
  46  5:30  SCV  
  48  5:36  Starport  
  48  5:40  Siege Tank  
  51  5:52  Marine x2  
  51  5:56  Viking  
  51  5:57  Viking  
  57  5:59  SCV x3  
  60  6:06  Factory Reactor  
  60  6:11  SCV, Ghost Academy  
  61  6:13  Ghost Academy  
  61  6:17  Starport Tech Lab  
  61  6:19  SCV x2, Missile Turret  
  63  6:27  SCV  
  63  6:31  SCV x2  
  66  6:36  Neosteel Armor  
  66  6:37  Command Center  
  66  6:40  Hellion  
  68  6:59  Raven  
  70  7:01  Liberator  
  70  7:02  Hellion, Liberator  
  70  7:05  Hellion x2  
  70  7:08  Armory  
  82  7:10  SCV x2  
  82  7:12  Personal Cloaking  
  82  7:15  SCV  
  85  7:40  Hellion x3  
  91  7:47  Supply Depot  
  91  7:49  Supply Depot  
  91  7:51  Ghost x2  
  91  7:52  Supply Depot x2  
  91  7:55  Medivac  
  97  8:20  Ghost  
  97  8:22  Factory  
  97  8:23  Supply Depot, Refinery, Factory  
  97  8:24  Supply Depot, Refinery  
  97  8:25  Missile Turret  
  98  8:46  Planetary Fortress  
  98  8:50  SCV x3  
  101  8:56  Marine x2  
  101  9:01  Nuke  
  101  9:02  SCV x3  
  106  9:04  Nuke  
  106  9:14  Marine  
  107  9:29  SCV x2, Command Center  
  109  9:32  Factory Tech Lab  
  109  9:34  Factory Tech Lab  
  109  9:41  Widow Mine x3  
  109  9:43  Medivac  
  117  10:10  Marine x2  
  117  10:12  Widow Mine  
  117  10:13  Viking, Widow Mine x2  
  127  10:29  Marauder  
  127  10:31  Viking x2  
  127  10:34  Widow Mine  
  133  10:43  Viking  
  135  10:52  Nuke x2  
  135  10:55  Terran Infantry Armor Level 1  
  135  10:59  Widow Mine x3, Marine  
  135  11:00  Marine  
  135  11:01  Viking x2  
  145  11:17  Marine  
  140  11:20  Widow Mine x2  
  87  12:12  Marine  
  87  12:13  Marauder  
  87  12:14  Thor  
  88  12:30  Marine  
  88  12:34  Marauder  
  91  12:40  Supply Depot  
  91  12:41  Supply Depot  
  91  12:42  Supply Depot x2  
  91  12:44  SCV x4  
  95  12:56  SCV x3, Thor  
  95  12:57  SCV  
  105  13:08  SCV  
  106  13:13  Siege Tank x2  
  106  13:15  Ghost x2  
  106  13:18  Hellion x2  
  120  13:21  Viking, Medivac  
  120  13:22  Medivac  
  126  13:39  Hellion  
  126  13:40  Hellion, Siege Tank  
  132  13:43  Ghost  
  132  13:45  Siege Tank  
  132  13:46  Hellion  
  137  13:51  Viking  
  102  14:54  Marine x2  
  95  15:12  Marine x2  
  95  15:21  Orbital Command  
  94  15:24  Hellion x3  
  98  15:37  Marine  
  98  15:38  Marine  
  100  15:45  Hellion  
  100  15:46  Hellion x2  
  100  15:49  Nuke x2  
  106  15:53  SCV x3  
  106  15:55  Marine x2  
  111  15:57  Refinery  
  111  15:58  Refinery  
  111  16:05  SCV x3  
  111  16:07  Hellion x2  
  111  16:10  Command Center  
  118  16:13  Starport x2, Marine x2  
  118  16:14  Starport  
  118  16:18  Starport  
  120  16:22  Missile Turret x3  
  120  16:29  Command Center x2  
  120  16:30  SCV, Missile Turret x3  
  120  16:31  Refinery, Missile Turret  
  120  16:32  Hellion x3, Missile Turret  
  127  16:33  Command Center, Missile Turret, Marine  
  127  16:35  Missile Turret  
  127  16:37  Refinery  
  128  16:42  Command Center  
  128  16:52  Starport Tech Lab x2  
  128  16:53  Hellion, Starport Tech Lab  
  128  16:54  Hellion, Starport Tech Lab  
  92  17:50  Marine  
  77  17:53  Hellion x3  
  66  18:08  Marine  
  64  18:14  Hellion x3  
  70  18:25  Marine  
  71  18:30  SCV x3  
  74  18:38  Banshee  
  74  18:39  Banshee x4  
  89  18:42  SCV x3, Cyclone, Widow Mine  
  89  18:43  Widow Mine  
  89  18:44  Reaper  
  100  18:54  SCV x2  
  100  18:55  SCV  
  103  19:01  Medivac x2  
  107  19:06  SCV  
  107  19:07  SCV  
  107  19:09  Widow Mine x2  
Tags
 
Add a new tag
Caveats
  • Supply blocks, unpowered buildings, or Contaminate may cause inaccurate times.
  • Supply counts are checked every 10 seconds.